 Dungeon Crawl Stone Soup version 0.17-a0-1769-g54adf96 (webtiles) character file.

85 shakdrar the Sneak (level 4, -1/23 HPs)
             Began as a Vine Stalker Assassin on Sept 7, 2015.
             Slain by PeterLawrence's ghost (8 damage)
             ... on level 3 of the Dungeon.
             The game lasted 00:10:29 (2091 turns).

shakdrar the Sneak (Vine Stalker Assassin)          Turns: 2091, Time: 00:10:29

Health: -1/23      AC:  4    Str: 14    XL:     4   Next: 48%
Magic:  0/5        EV: 12    Int: 11    God:
Gold:   107        SH:  0    Dex: 16    Spells: 0 memorised, 3 levels left

rFire  . . .     SeeInvis .     k - +3 dagger
rCold  . . .     Clarity  .     c - +0 robe
rNeg   . . .     SustAt   .     (no shield)
rPois  .         Gourm    .     i - +0 helmet
rElec  .         Spirit   +     d - +0 cloak
rCorr  .         Warding  .     (no gloves)
rMut   .         Stasis   .     (no boots)
MR     .....                    (no amulet)
Stlth  +++.......               (no ring)
                                (no ring)

@: not resistant to hostile enchantments, fairly stealthy
A: fangs 2, regeneration 1, magic shield, antimagic bite, no device heal 3, rot
immunity
a: no special abilities


You were on level 3 of the Dungeon.
You were not hungry.

You visited 1 branch of the dungeon, and saw 3 of its levels.

You collected 107 gold pieces.

Inventory:

Hand weapons
 a - a +2 dagger
 b - a +0 blowgun
 k - a +3 dagger (weapon)
Missiles
 e - 6 poisoned needles
 f - 2 curare-tipped needles
Armour
 c - a +0 robe (worn)
 d - a +0 cloak (worn)
 i - a +0 helmet (worn)
Jewellery
 h - an uncursed amulet of rage {unknown}
Scrolls
 j - a scroll of identify
 m - a scroll of fear
Potions
 l - 2 potions of magic
Comestibles
 g - 4 fruits


   Skills:
 + Level 2.0 Fighting
 + Level 2.2 Short Blades
 - Level 2.0 Throwing
 + Level 1.9 Dodging
 + Level 6.0 Stealth


You had 3 spell levels left.
You didn't know any spells.

Dungeon Overview and Level Annotations

Branches:
Dungeon (3/15)

Altars:
Gozag
Sif Muna
Xom

Annotations:
D:3 PeterLawrence's ghost, average OgFi


Innate Abilities, Weirdness & Mutations

You have extremely sharp teeth.
Your natural rate of healing is unusually fast.
When hurt, damage is shared between your health and your magic reserves.
Your bite disrupts and absorbs the magic of your enemies.
Potions and wands cannot restore your health.
You are immune to rotting.


Message History

You hit PeterLawrence's ghost but do no damage.
You bite PeterLawrence's ghost. You drain its power.
You feel invigorated.
PeterLawrence's ghost is moderately damaged.
PeterLawrence's ghost closely misses you.
You hit PeterLawrence's ghost. You bite PeterLawrence's ghost.
You drain its power.
PeterLawrence's ghost is moderately damaged.
PeterLawrence's ghost closely misses you.
You hit PeterLawrence's ghost but do no damage.
PeterLawrence's ghost is moderately damaged.
PeterLawrence's ghost hits you!
* * * LOW HITPOINT WARNING * * *
You hit PeterLawrence's ghost.
You bite PeterLawrence's ghost, but do no damage.
PeterLawrence's ghost is moderately damaged.
You hit PeterLawrence's ghost but do no damage.
You bite PeterLawrence's ghost. You drain its power.
You feel invigorated.
PeterLawrence's ghost is moderately damaged.
PeterLawrence's ghost hits you!
You die...

#......W>.#
##..#####.#######
#....# #.......#
......#
#######.##
.#...## #..#
###### ##.# ##8
##8 #(# ##8.
8...8##W# ####.
.....##@# ##.#_
.....>#.# #..#
.....#### ...#
8...8## ...#
##8## ...######
####### ........#
#....# ....<..##
##.#.# #.....##
#####.#####


You could see PeterLawrence's ghost.

Vanquished Creatures
  3 adders (D:2)
  5 worms
  3 ball pythons
  8 bats
  3 giant cockroaches (D:1)
  4 goblins
  2 hobgoblins (D:2)
  3 jackals (D:2)
  5 kobolds
  2 giant newts
  A quokka (D:3)
  8 rats
47 creatures vanquished.

Notes
Turn   | Place    | Note
--------------------------------------------------------------
     0 | D:1      | shakdrar the Vine Stalker Assassin began the quest for the Orb.
     0 | D:1      | Reached XP level 1. HP: 11/11 MP: 2/2
    27 | D:1      | Reached skill level 5 in Stealth
   127 | D:1      | Reached skill level 1 in Dodging
   127 | D:1      | Reached XP level 2. HP: 15/15 MP: 3/3
   906 | D:2      | Found a shimmering altar of Xom.
   924 | D:2      | Reached XP level 3. HP: 9/18 MP: 2/4
  1169 | D:2      | Reached XP level 4. HP: 8/23 MP: 1/5
  1763 | D:3      | Found a deep blue altar of Sif Muna.
  1887 | D:3      | Found an opulent altar of Gozag.
  1954 | D:3      | Reached skill level 6 in Stealth
  1958 | D:3      | Noticed PeterLawrence's ghost (average OgFi)
  2091 | D:3      | Slain by PeterLawrence's ghost

Vault maps used:
D:1:      erik_arrival_blinker_ship
D:2:      overflow_temple_1_default
D:3:      nicolae_overflow_hidden_temple, nicolae_ru_great_annihilating_truth,
          nicolae_gozag_seed_capital, bloody_trog, first_bread,
          grunt_decor_resistance, grunt_qazlal_sundering

Action                   |  1- 3 |  4- 6 || total
-------------------------+-------+-------++-------
Melee: Dagger            |    93 |    43 ||   136
 Fire: Blowgun           |     8 |    13 ||    21
  Use: Potion            |     4 |       ||     4
       Scroll            |     3 |       ||     3
 Stab: Sleeping          |     9 |     5 ||    14
  Eat: Chunk             |     1 |       ||     1
       Bread ration      |       |     1 ||     1
